 Dungeon Crawl Stone Soup version 0.28.0-45-g0d030f2227 (webtiles) character file.

Game seed: 1033881169172433781

102 NinjaNoafa the Digger (level 4, -3/33 HPs)
             Began as a Draconian Earth Elementalist on Apr 7, 2022.
             Was an Initiate of the Shining One.
             Slain by an orc wizard
             ... wielding a +3 dagger
              (6 damage)
             ... on level 3 of the Dungeon.
             The game lasted 00:10:03 (2226 turns).

NinjaNoafa the Digger (DrEE)                        Turns: 2226, Time: 00:10:06

Health: -3/33      AC:  5    Str:  9 (11) XL:     4   Next: 49%
Magic:  11/15      EV: 12    Int: 20 (23) God:    the Shining One [......]
Gold:   96         SH:  0    Dex:  9 (11) Spells: 4/7 levels left

rFire   . . .      SeeInvis .   (no weapon)
rCold   . . .      Faith    .   (no shield)
rNeg    . . .      Spirit   .   (armour unavailable)
rPois   .          Reflect  .   (helmet restricted)
rElec   .          Harm     .   (no cloak)
rCorr   .          Rampage  .   (no gloves)
Will    .....                   (no boots)
Stlth   +.........              (no amulet)
HPRegen 0.11/turn               a - ring of magical power
MPRegen 0.14/turn               c - +6 ring of intelligence

@: glowing
A: AC +5, unfitting armour, cold-blooded, low MP 1, evolution 1, MP-powered
wands
a: Renounce Religion


You were on level 3 of the Dungeon.
You worshipped the Shining One.
The Shining One was noncommittal.
You visited 1 branch of the dungeon, and saw 3 of its levels.

You collected 96 gold pieces.

Inventory:

Missiles
 b - 50 stones
Jewellery
 a - a ring of magical power (left hand)
 c - a +6 ring of intelligence (right hand)
 h - a ring of willpower


   Skills:
 * Level 2.4 Dodging
 * Level 2.7 Stealth
 + Level 2.4 Spellcasting
 + Level 0.7 Conjurations
 + Level 1.9 Transmutations
 + Level 3.5 Earth Magic


You had 4 spell levels left.
You knew the following spells:

 Your Spells              Type           Power      Damage    Failure   Level
a - Sandblast             Erth           32%        2d9       3%          1
b - Passwall              Tmut/Erth      10%        N/A       8%          2

Your spell library contained the following spells:

 Spells                   Type           Power      Damage    Failure   Level
 Magic Dart               Conj           20%        1d4       11%         1
 Stone Arrow              Conj/Erth      22%        3d8       19%         3
 Call Imp                 Summ           2%         N/A       22%         2
 Mephitic Cloud           Conj/Pois/Air  3%         N/A       38%         3
 Inner Flame              Hex/Fire       2%         N/A       41%         3
 Petrify                  Tmut/Erth      13%        N/A       43%         4
 Cause Fear               Hex            1%         N/A       83%         4
 Discord                  Hex            1%         N/A       100%        8


Dungeon Overview and Level Annotations

Branches:
Dungeon (3/15)

Altars:
The Shining One


Innate Abilities, Weirdness & Mutations

Your plain brown scales are hard. (AC +5)
You cannot fit into any form of body armour.
You are cold-blooded and may be slowed by cold attacks.
Your magical capacity is low. (-10% MP)
You have hidden genetic potential.
You expend magic power (3 MP) to strengthen your wands.


Message History

You miss the orc wizard.
Your tail-slap misses the orc wizard.
The orc wizard is moderately wounded.
You feel sick.
The orc wizard hits you with a +3 dagger.
You're too confused to cast spells.
You aren't carrying any potions.
You are too confused!
You bump into the rock wall.
You feel sick. The orc wizard barely misses you.
You feel sick.
You are no longer poisoned.
The orc priest invokes the aid of Beogh against you.
Beogh smites you!
* * * LOW HITPOINT WARNING * * *
Okay, then.
You bump into the rock wall.
The orc wizard hits you with a +3 dagger.
* * * LOW HITPOINT WARNING * * *
You bump into the rock wall.
You feel less confused. The orc wizard closely misses you.
Casting: Sandblast (safe; 3% risk of failure)
Confirm with . or Enter, or press ? or * to list all spells.
Okay, then.
The orc wizard mumbles some strange words.
The orc wizard flickers and vanishes!
Deactivating autopickup; reactivate with Ctrl-A.
Casting: Sandblast (safe; 3% risk of failure)
Confirm with . or Enter, or press ? or * to list all spells.
Aiming: Sandblast (safe; 3% risk of failure)
Press: ? - help, Shift-Dir - straight line, f - orc priest
Aim: an orc priest, wielding a +0 hand axe and wearing a +0 chain mail (85% to hit)
The blast of sand hits the orc priest but does no damage.
Casting: Sandblast (safe; 3% risk of failure)
Confirm with . or Enter, or press ? or * to list all spells.
Aiming: Sandblast (safe; 3% risk of failure)
Press: ? - help, Shift-Dir - straight line, f/p - orc priest
Aim: an orc priest, wielding a +0 hand axe and wearing a +0 chain mail (85% to hit)
The blast of sand hits the orc priest but does no damage.
Something hits you.
You die...

## #########[..#
#..@{o.)).#
#######.#######.#
.......<#
#########


You could see an orc priest.

Vanquished Creatures
  An orc wizard (D:3)
  Robin (D:2)
  An adder (D:2)
  2 dart slugs
  An orc (D:3)
  6 ball pythons
  An endoplasm (D:1)
  2 giant cockroaches (D:1)
  10 goblins
  5 hobgoblins
  4 jackals (D:1)
  3 kobolds
  2 quokkas
  2 bats (D:1)
  4 frilled lizards
  3 rats
48 creatures vanquished.

Notes
Turn   | Place    | Note
-------+----------+-------------------------------------------
     0 | D:1      | NinjaNoafa the Draconian Earth Elementalist began the quest
                  | for the Orb.
     0 | D:1      | Reached XP level 1. HP: 14/14 MP: 3/3
   361 | D:1      | Reached XP level 2. HP: 20/20 MP: 5/5
  1087 | D:1      | Reached XP level 3. HP: 26/26 MP: 6/6
  1126 | D:1      | Learned a level 2 spell: Passwall
  1309 | D:2      | Gained mutation: Your magical capacity is low. (-10% MP)
                  | [potion of mutation]
  1309 | D:2      | Gained mutation: You have hidden genetic potential. [potion
                  | of mutation]
  1396 | D:2      | Found a glowing golden altar of the Shining One.
  1419 | D:2      | Became a worshipper of the Shining One
  1693 | D:2      | Noticed Robin
  1703 | D:2      | Killed Robin
  1704 | D:2      | Reached XP level 4. HP: 22/33 MP: 3/6
  1707 | D:2      | Gained mutation: You expend magic power (3 MP) to
                  | strengthen your wands. [hidden potential]
  2226 | D:3      | Slain by an orc wizard

Illustrated notes

Levels and vault maps discovered:
D:1:      minmay_arrival_three_doors, layout_basic
D:2:      layout_rooms, basic_altar, hangedman_glass_garden, nrook_mini_vaults,
          dk_noncrumbling_4, corexii_hall_statues_x, minmay_stone_trees_small,
          lemuel_flame_loot_1, uniq_robin
D:3:      cheibrodos_thug_alley, layout_loops_ring,
          riverfiend_overflow_shadow_ancestor, elyvilon_altar_3

Skill      XL: |  1  2 |
---------------+-------+-----
Stealth        | 2 |  2.7
Dodging        | 2 |  2.4
Spellcasting   | |  2.4
Conjurations   | |  0.7
Transmutations | |  1.9
Earth Magic    | |  3.5

Action                   |  1- 3 |  4- 6 || total
-------------------------+-------+-------++-------
Melee: Unarmed           |    37 |     7 ||    44
       Tailslap          |     3 |       ||     3
       Punch             |     1 |       ||     1
 Cast: Sandblast         |    53 |     7 ||    60
  Use: Potion            |     4 |     5 ||     9
       Scroll            |     1 |       ||     1
Armor: Skin              |    25 |     3 ||    28
Dodge: Dodged            |    51 |     5 ||    56
